 Dungeon Crawl Stone Soup version 0.28.0-47-ge53b351184 (console) character file.

Game seed: 11629621226567453134

2914 Faeu the Cleaver (level 9, -7/72 HPs)
             Began as a Minotaur Fighter on May 2, 2022.
             Was a Follower of Hepliaklqana.
             Mangled by an orc warrior
             ... wielding a +0 scimitar
              (11 damage)
             ... on level 8 of the Dungeon.
             The game lasted 00:25:03 (9997 turns).

Faeu the Cleaver (Minotaur Fighter)                 Turns: 9997, Time: 00:25:04

Health: -7/72      AC: 13    Str: 25    XL:     9   Next: 50%
Magic:  8/8        EV:  9    Int:  5    God:    Hepliaklqana [*.....]
Gold:   544        SH:  5    Dex: 10    Spells: 8/8 levels left

rFire   . . .      SeeInvis .   a - +0 broad axe {axe}
rCold   . . .      Faith    .   c - +0 buckler
rNeg    + . .      Spirit   .   L - +0 chain mail
rPois   .          Reflect  .   (helmet restricted)
rElec   .          Harm     .   (no cloak)
rCorr   .          Rampage  .   v - +0 pair of gloves
Will    .....                   k - +0 pair of boots
Stlth   ..........              (no amulet)
HPRegen 0.22/turn               F - ring of positive energy
MPRegen 0.11/turn               (no ring)

@: no status effects
A: reduced essence, horns 2, retaliatory headbutt
a: Renounce Religion, Recall Ancestor, Ancestor Identity


You were on level 8 of the Dungeon.
You worshipped Hepliaklqana.
Hepliaklqana was aware of your devotion.
You visited 2 branches of the dungeon, and saw 10 of its levels.

You collected 544 gold pieces.


Innate Abilities, Weirdness & Mutations

Your life essence is reduced to manifest your ancestor. (-10% HP)
You have a pair of horns on your head.
You reflexively headbutt those who attack you in melee.


   Skills:
 - Level 8.0 Fighting
 * Level 9.6 Axes
 + Level 8.6 Armour
 - Level 3.9 Dodging
 - Level 6.6 Shields


You had 8 spell levels left.
You didn't know any spells.
Your spell library contained the following spells:

 Spells                   Type           Power      Damage    Failure   Level
 Sublimation of Blood     Necr           0%         N/A       99%         2
 Wereblood                Tmut           0%         N/A       99%         2
 Summon Hydra             Summ           0%         N/A       100%        7

Inventory:

Hand Weapons
 a - a +0 broad axe (weapon) {axe}
   (You found it on level 5 of the Dungeon)
 i - a +1 dagger of venom {short}
   (You took it off a kobold on level 1 of the Dungeon)
 w - a +0 vampiric dagger {short}
   (You took it off an orc on level 4 of the Dungeon)
 y - a +1 halberd of venom {polearm}
   (You took it off a gnoll on level 4 of the Dungeon)
 J - a +0 battleaxe {axe}
   (You found it on level 5 of the Dungeon)
 P - a +3 spear of venom {polearm}
   (You found it on level 7 of the Dungeon)
 Q - a +3 scimitar {long}
   (You took it off a gnoll on level 7 of the Dungeon)
 R - a +1 flail of holy wrath {mace}
   (You took it off a gnoll on level 7 of the Dungeon)
Missiles
 M - 5 boomerangs (quivered) {throwing}
 S - 4 atropa-tipped darts {throwing}
 V - 15 sling bullets
Armour
 c - a +0 buckler (worn)
 k - a +0 pair of boots (worn)
   (You found it on level 2 of the Dungeon)
 v - a +0 pair of gloves (worn)
   (You found it on level 3 of the Dungeon)
 L - a +0 chain mail (worn)
   (You took it off an orc warrior on level 6 of the Dungeon)
Jewellery
 F - a ring of positive energy (left hand)
   (You found it on level 5 of the Dungeon)
Wands
 C - a wand of flame (15)
   (You found it on level 4 of the Dungeon)
 E - a wand of iceblast (12)
   (You found it on level 4 of the Dungeon)
 O - a wand of acid (18)
   (You found it on level 7 of the Dungeon)
 U - a wand of charming (10)
   (You found it on level 8 of the Dungeon)
Scrolls
 g - 2 scrolls of fear
 h - 2 scrolls of blinking {!r}
 j - 4 scrolls of enchant armour
 l - 3 scrolls of teleportation {@r4}
 n - 2 scrolls of immolation {!r!r}
 p - 2 scrolls of amnesia
 u - a scroll of enchant weapon {unknown}
 x - a scroll of magic mapping {unknown}
 z - a scroll of noise {unknown}
 B - a scroll of fog {unknown}
 I - a scroll of torment {unknown}
Potions
 d - 2 potions of might
 e - 6 potions of curing {@q1}
 f - a potion of haste {unknown}
 m - 2 potions of magic {unknown}
 o - 3 potions of heal wounds {@q2}
 s - a potion of lignification {unknown}
 t - 3 potions of ambrosia
 D - a potion of attraction {unknown}
 H - 2 potions of degeneration {unknown}
 N - a potion of berserk rage {unknown}

Dungeon Overview and Level Annotations

Branches:
Dungeon (9/15)             Temple (1/1) D:5             Orc (0/2) D:9
   Lair: D:8-11

Altars:
Ashenzari
Cheibriados
Dithmenos
Elyvilon
Fedhas
Gozag
Hepliaklqana
Kikubaaqudgha
Makhleb
Nemelex Xobeh
Okawaru
Qazlal
Ru
Sif Muna
Vehumet
Wu Jian
Yredelemnul
Zin
The Shining One

Shops:
D:7

**![!*
#.#####.#####.#.#####.###.
..... #.# #.# #.#.# #
.#### #.# ###.#####.#.#
#.# #.....##....# #.#
#.###.#.#.#.## #.# #.#
#........# #.#
#.###.#.#.#.## .# . #.#
#.....##)...# . .# #.#
##..#####..######. . #.#
##......#...)...#..#
#.###.###......@)....#.
#.....# #.....#.o......
#####.###...###......##
##......# ##.....# ..###.#
##.#..# ..##
.####.#..##### ...
.............# ###.###
##.###..###.# #...# #
#.###..## #.###
#.###.#.....# #<#
#.#.......>.#


You could see an orc warrior.


Message History

You see here a scroll of identify {@r1}.
You slash the slime creature!
The slime creature hits you but does no damage.
Khabaw barely misses the slime creature.
The slime creature closely misses you.
You hit the slime creature. You headbutt the slime creature.
Khabaw hits the slime creature!
The slime creature hits you. 😮 HP[-3]
You take 3 damage, and now have 49/72 hp.
You hit the slime creature. You headbutt the slime creature!
Khabaw hits the slime creature.
The slime creature hits Khabaw.
You catch the helpless slime creature completely off-guard!
You hit the slime creature but do no damage.
Khabaw hits the slime creature!
You block the slime creature's attack.
Khabaw hits the slime creature.
You slash the slime creature!
You kill the slime creature! 😮 HP[+1]
b - a scroll of identify {@r1}
As you read the scroll of identify {@r1}, it crumbles to dust.
n - 2 scrolls of immolation 😮 HP[+1] 😮 HP[+1] 😮 HP[+1] 😮 HP[+1] 😕 HP[+1] 😕 HP[+1] 😕 HP[+1] 😕 HP[+1] 😕 HP[+1] 😕 HP[+1]
The orc shouts!
The orc wizard shouts!
The orc wizard casts a spell at you.
You easily resist.
The orc wizard casts a spell at you.
The magic dart hits you but does no damage.
You closely miss the orc wizard.
The orc wizard barely misses you. 😕 HP[+1]
You slash the orc wizard! Your headbutt misses the orc wizard.
You barely miss the orc.
The orc wizard hits you with a +0 dagger.
The orc hits you with a +0 flail. 😮 HP[-7]
You take 7 damage, and now have 54/72 hp.
You hit the orc wizard but do no damage.
Your headbutt misses the orc wizard. You barely miss the orc.
The orc wizard hits you but does no damage.
Khabaw hits the orc wizard but does no damage.
The orc closely misses you.
The orc wizard gestures at Khabaw while chanting.
The puff of flame hits Khabaw.
Khabaw resists.
You closely miss the orc wizard. You slash the orc!
You kill the orc!
The orc warrior hits Khabaw with a +0 scimitar!
Khabaw misses the orc wizard.
The orc wizard hits you but does no damage.
You slash the orc wizard!
You kill the orc wizard!
The orc warrior hits Khabaw with a +0 scimitar!
Khabaw hits the orc warrior but does no damage.
The orc warrior hits Khabaw with a +0 scimitar!!
Khabaw is destroyed! 😕 HP[+1]
The orc warrior hits you with a +0 scimitar! 😮 HP[-17]
You take 17 damage, and now have 38/72 hp.
MASSIVE DAMAGE!! (PAUSE)
You hit the orc warrior but do no damage.
The orc warrior hits you with a +0 scimitar.
* * * LOW HITPOINT WARNING * * *
😨 HP[-5]
You take 5 damage, and now have 33/72 hp.
You hit the orc warrior. The orc warrior barely misses you.
You slash the orc warrior!
The orc warrior hits you but does no damage. 😨 HP[+1]
You barely miss the orc warrior. You block the orc warrior's attack.
You slash the orc warrior! You block the orc warrior's attack.
You hit the orc warrior but do no damage.
Your headbutt misses the orc warrior.
The orc warrior hits you with a +0 scimitar.
* * * LOW HITPOINT WARNING * * *
The orc warrior hits you with a +0 scimitar.
* * * LOW HITPOINT WARNING * * *
😨 HP[-11]
You take 11 damage, and now have 23/72 hp.
You hit the orc warrior.
The orc warrior hits you with a +0 scimitar!
* * * LOW HITPOINT WARNING * * *
😱 HP[-8]
You take 8 damage, and now have 15/72 hp.
You barely miss the orc warrior. You headbutt the orc warrior.
The orc warrior hits you with a +0 scimitar!
* * * LOW HITPOINT WARNING * * *
😱 HP[-11]
You take 11 damage, and now have 4/72 hp.
You barely miss the orc warrior. Your headbutt misses the orc warrior.
The orc warrior hits you with a +0 scimitar!
You die...

Skill      XL: |  1  2  3  4  5  6  7  8  9 |
---------------+----------------------------+-----
Armour         | 4 5 6 7 8 |  8.6
Shields        | 4 5 6 |  6.6
Fighting       | 4 5 6 7 8 |  8.0
Axes           | 3 4 5 8 9 |  9.6
Dodging        | 3 |  3.9

Action                   |  1- 3 |  4- 6 |  7- 9 || total
-------------------------+-------+-------+-------++-------
Melee: War axe           |    43 |   171 |   159 ||   373
       Headbutt          |    12 |    26 |    34 ||    72
       Broad axe         |       |       |    55 ||    55
  Use: Scroll            |       |       |     9 ||     9
 Stab: Distracted        |       |       |     1 ||     1
Armor: Scale mail        |    17 |    85 |    46 ||   148
       Chain mail        |       |       |    71 ||    71
Dodge: Dodged            |    22 |    74 |    76 ||   172
Block: Buckler           |    10 |    28 |    57 ||    95

Levels and vault maps discovered:
D:1:      co_arrival_random_square_maze, layout_loops_corners
D:2:      layout_basic, basic_altar, uniq_robin
D:3:      minmay_general_purpose_star, layout_loops_ring,
          hellmonk_ecumenical_altar_prayer_group
D:4:      wad_crossroads, layout_loops_ring, nzn_wu_jian_contemplation,
          mainiacjoe_overflow_catwalk, nicolae_qazlal_scattered_showers,
          nicolae_concentric_dashed_squares_wild, minmay_fountain_box,
          grunt_ministairs_8
D:5:      layout_loops_ring, amethyst_overflow_temple_binary,
          minmay_temple_entry_slanted, hangedman_minor_gate_pass
D:6:      layout_loops_corners
D:7:      layout_loops_corners, serial_bayou_pond_e, nicolae_wooded_promenade,
          hangedman_decor_clover_reticule, dk_noncrumbling_3
D:8:      layout_loops_ring, marbit_many_paths, nicolae_overflow_hidden_temple,
          lemuel_round_altar, serial_shops, nicolae_shop_behind_doors
D:9:      layout_rooms, kennysheep_mini_moat, david_lair_shrubbed, orc_0_dummy,
          hangedman_glass_teeth, minivault_19, small_statue_alley_b,
          st_stairs_14
Temple:   hc_temple_tempest_star

Notes
Turn   | Place    | Note
-------+----------+-------------------------------------------
     0 | D:1      | Faeu the Minotaur Fighter began the quest for the Orb.
     0 | D:1      | Reached XP level 1. HP: 19/19 MP: 0/0
     0 | D:1      | magus.rc [v1.9.6]
   284 | D:1      | Reached XP level 2. HP: 27/27 MP: 1/1
   851 | D:1      | Reached skill level 4 in Armour
   851 | D:1      | Reached skill level 4 in Shields
  1024 | D:2      | Reached skill level 4 in Fighting
  1024 | D:2      | Reached skill level 3 in Axes
  1024 | D:2      | Reached XP level 3. HP: 33/33 MP: 2/2
  1285 | D:2      | Found a radiant altar of Vehumet.
  1540 | D:2      | Reached XP level 4. HP: 40/40 MP: 3/3
  1654 | D:2      | Noticed Robin
  1676 | D:2      | Killed Robin
  2339 | D:3      | You pick up a book of Blood and begin reading...
  2339 | D:3      | You add the spells Sublimation of Blood, Wereblood and
                  | Summon Hydra to your library.
  2842 | D:3      | Reached XP level 5. HP: 44/47 MP: 4/4
  2861 | D:3      | Reached skill level 4 in Axes
  2880 | D:3      | Found a faded altar of an unknown god.
  3374 | D:4      | HP: 10/47 [dart slug/slug dart (3)]
  3380 | D:4      | HP: 4/47 [dart slug/slug dart (5)]
  3388 | D:4      | Reached skill level 5 in Armour
  3388 | D:4      | Reached skill level 5 in Shields
  3390 | D:4      | Reached skill level 5 in Fighting
  3395 | D:4      | HP: 5/48 [poisoned by a gnoll]
  3397 | D:4      | HP: 2/48 [poisoned by a gnoll]
  3400 | D:4      | Reached XP level 6. HP: 1/56 MP: 5/5
  3725 | D:4      | Found a stormy altar of Qazlal.
  3734 | D:4      | Found a sacrificial altar of Ru.
  3881 | D:4      | HP: 14/56 [poisoned by a scorpion]
  4834 | D:4      | Found an ornate altar of the Wu Jian Council.
  5011 | D:5      | Entered Level 5 of the Dungeon
  5014 | D:5      | Reached XP level 7. HP: 62/62 MP: 6/6
  5072 | D:5      | Reached skill level 5 in Axes
  5124 | D:5      | Found a staircase to the Ecumenical Temple.
  5148 | D:5      | Reached skill level 6 in Armour
  5148 | D:5      | Reached skill level 6 in Shields
  5152 | Temple   | Entered the Ecumenical Temple
  5554 | D:5      | Found a hazy altar of Hepliaklqana.
  5562 | D:5      | Became a worshipper of Hepliaklqana the Forgotten
  5569 | D:5      | Found a sparkling altar of Nemelex Xobeh.
  5656 | D:5      | Reached skill level 6 in Fighting
  5805 | D:5      | Reached XP level 8. HP: 67/71 MP: 7/7
  5869 | D:5      | Reached skill level 6 in Axes
  6099 | D:6      | Reached skill level 1 in Dodging
  6140 | D:6      | Reached skill level 7 in Armour
  6259 | D:6      | Reached skill level 7 in Fighting
  6401 | D:6      | HP: 15/73 [orc warrior/+0 scimitar (10)]
  6404 | D:6      | HP: 6/73 [orc warrior/+0 scimitar (6)]
  6411 | D:6      | Reached skill level 7 in Axes
  6411 | D:6      | Reached skill level 2 in Dodging
  7263 | D:6      | Reached skill level 3 in Dodging
  7609 | D:7      | Reached * piety under Hepliaklqana
  7699 | D:7      | Reached skill level 8 in Axes
  7708 | D:7      | Reached XP level 9. HP: 71/71 MP: 8/8
  8268 | D:7      | Reached skill level 8 in Armour
  8496 | D:7      | Reached skill level 8 in Fighting
  8813 | D:7      | Found Neusetro's Antique Armour Shop.
  8813 | D:7      | Found Besudgh's General Store.
  8815 | D:7      | Found Muyn Quil's Distillery.
  8815 | D:7      | Found Fene's Assorted Antiques.
  8817 | D:7      | Found Naatonneu's Assorted Antiques.
  8817 | D:7      | Found Uwyilip's Distillery.
  9254 | D:8      | Reached skill level 9 in Axes
  9466 | D:9      | Found a staircase to the Orcish Mines.
  9469 | D:8      | HP: 15/72 [orc/+0 flail (6)]
  9894 | D:8      | Found an opulent altar of Gozag.
  9995 | D:8      | HP: 15/72 [orc warrior/+0 scimitar (9)]
  9996 | D:8      | HP: 4/72 [orc warrior/+0 scimitar (11)]
  9997 | D:8      | Mangled by an orc warrior

Vanquished Creatures
  A slime creature (D:8)
  3 water moccasins
  An orc warrior (D:6)
  3 sky beasts
  2 ice beasts
  A necrophage (D:5)
  A centaur (D:8)
  2 phantoms
  4 bullfrogs
  A gnoll sergeant (D:7)
  3 scorpions
  A howler monkey (D:3)
  A jelly (D:5)
  A centaur zombie (D:8)
  5 hounds
  An orc priest (D:7)
  2 bullfrog skeletons (D:5)
  3 iguanas
  4 orc wizards
  2 hound skeletons (D:4)
  A howler monkey zombie (D:5)
  Robin (D:2)
  11 gnolls
  A howler monkey skeleton (D:5)
  8 adders
  A white imp (D:8)
  3 adder skeletons
  3 worms
  2 dart slugs
  12 orcs
  10 ball pythons
  5 bats
  8 endoplasms
  4 giant cockroaches
  13 goblins
  5 hobgoblins
  8 quokkas
  3 frilled lizards
  9 kobolds
  6 rats
156 creatures vanquished.

Vanquished Creatures (collateral kills)
  A sky beast (D:7)
  A centaur (D:8)
  An orc (D:7)
3 creatures vanquished.

Vanquished Creatures (others)
  3 ancestors (D:8)
3 creatures vanquished.

Grand Total: 162 creatures vanquished

Table legend:
 A = Non-vault XP
 B = Vault XP
 C = Vault XP percentage of total XP
 D = Non-vault monster count
 E = Vault monster count
 F = Vault count percentage of total count
                 A         B        C        D         E       F
            +---------+---------+-------+---------+---------+-------
      Total |    3667 |     497 |  11.9 |     131 |      28 |  17.6
            +---------+---------+-------+---------+---------+-------
        D:1 |      31 |       0 |   0.0 |      19 |       0 |   0.0
        D:2 |      89 |      38 |  29.9 |      18 |      12 |  40.0
        D:3 |     107 |       6 |   5.3 |      17 |       3 |  15.0
        D:4 |     408 |      49 |  10.7 |      26 |       6 |  18.8
        D:5 |     488 |     404 |  45.3 |      11 |       7 |  38.9
        D:6 |     986 |       0 |   0.0 |      12 |       0 |   0.0
        D:7 |     988 |       0 |   0.0 |      21 |       0 |   0.0
        D:8 |     570 |       0 |   0.0 |       7 |       0 |   0.0
            +---------+---------+-------+---------+---------+-------

Illustrated notes

Table legend:
 A = Kills in this place as a percentage of kills in entire the game.
 B = Kills by you in this place as a percentage of kills by you in the entire game.
 C = Kills by friends in this place as a percentage of kills by friends in the entire game.
 D = Other kills in this place as a percentage of other kills in the entire game.
 E = Experience gained in this place as a percentage of experience gained in the entire game.
 F = Experience gained in this place divided by the number of levels of this place that you have seen.
                   A       B       C       D       E      F
               +-------+-------+-------+-------+-------+----------------------
         Total | 100.0 | 100.0 | 100.0 |   N/A | 100.0 | 416.4
       Dungeon | 100.0 | 100.0 | 100.0 |   N/A | 100.0 | 462.7
               +-------+-------+-------+-------+-------+----------------------

Table legend: (Time is in decaauts)
 A = Elapsed time spent in this place.
 B = Non-inter-level travel time spent in this place.
 C = Inter-level travel time spent in this place.
 D = Time resting spent in this place.
 E = Time spent auto-exploring this place.
 F = Levels seen in this place.
 G = Mean time per level.
                   A        B        C        D        E       F      G
               +--------+--------+--------+--------+--------+-----+--------+
         Total |  10117 |   9705 |    412 |   1635 |   5383 |  10 | 1011.7 |
       Dungeon |   9802 |   9390 |    412 |   1635 |   5089 |   9 | 1089.1 |
        Temple |    314 |    314 |      0 |      0 |    294 |   1 |  314.0 |
               +--------+--------+--------+--------+--------+-----+--------+

Top non-repeatable levels by time:
     D:7: 2159 daAuts
     D:4: 1832 daAuts
     D:6: 1514 daAuts
     D:3: 1137 daAuts
     D:2: 1089 daAuts
     D:1: 1025 daAuts
     D:5: 773 daAuts
  Temple: 314 daAuts
     D:8: 267 daAuts
     D:9: 1 daAuts
